 Dungeon Crawl Stone Soup version 0.16-a0-148-g3b84123 (webtiles) character file.

176 Qrupt the Cleaver (level 5, -6/42 HPs)
             Began as a Hill Orc Gladiator on Aug 16, 2014.
             Killed from afar by dadoka's ghost (21 damage)
             ... with an orb of energy
             ... on Level 3 of the Dungeon.
             The game lasted 00:05:13 (2088 turns).

Qrupt the Cleaver (Hill Orc Gladiator)              Turns: 2088, Time: 00:05:13

HP  -6/42        AC 10     Str 19      XL: 5   Next: 56%
MP   5/5         EV  8     Int  8      God:
Gold 120         SH  7     Dex 11      Spells:  0 memorised,  4 levels left

rFire  . . .     SeeInvis .     a - +0 war axe
rCold  . . .     Clarity  +     g - +0 leather armour
rNeg   . . .     rCorr    .     h - +0 shield
rPois  .         rRot     .     c - +0 helmet
rElec  .         Spirit   .     v - +0 cloak
SustAb .         Warding  .     (no gloves)
rMut   .         Stasis   .     l - +0 pair of boots
Gourm  .                        s - amulet of clarity
MR     .....                    (no ring)
                                o - +4 ring of protection

@: not resistant to hostile enchantments, very unstealthy
A: no striking features
a: no special abilities


You were on level 3 of the Dungeon.
You were not hungry.

You visited 1 branch of the dungeon, and saw 3 of its levels.

You collected 120 gold pieces.

Inventory:

Hand weapons
 a - a +0 war axe (weapon)
Missiles
 d - 3 throwing nets (quivered)
Armour
 b - a +0 leather armour
 c - a +0 helmet (worn)
 g - a +0 leather armour (worn)
 h - a +0 shield (worn)
 l - a +0 pair of boots (worn)
 v - a +0 cloak (worn)
Magical devices
 t - a wand of frost (16)
Comestibles
 f - a meat ration
 j - a bread ration
Scrolls
 i - a scroll of recharging
Jewellery
 e - an uncursed ring of invisibility {unknown}
 o - a +4 ring of protection (left hand)
 s - an amulet of clarity (around neck)
Potions
 k - a potion of invisibility {unknown}
 m - a potion of mutation {unknown}
 n - a potion of restore abilities {unknown}
 p - 3 potions of curing
 u - a potion of cure mutation {unknown}


   Skills:
 - Level 2.4 Fighting
 + Level 8.0 Axes
 - Level 2.0 Throwing
 - Level 2.4 Dodging


You had 4 spell levels left.
You didn't know any spells.

Dungeon Overview and Level Annotations

Branches:
Dungeon (3/15)

Altars:
Cheibriados
Fedhas
The Shining One

Annotations:
D:3 Sigmund; dadoka's ghost, average OpCj


Message History

Aim: dadoka's ghost (severely damaged)
The puff of frost misses dadoka's ghost.
Dadoka's ghost points at you and mumbles some strange words.
The orb of energy hits you!
Ouch! That really hurt!
Dadoka's ghost casts a spell at you. The magic dart hits you!
You closely miss dadoka's ghost.
Dadoka's ghost is heavily damaged.
You block dadoka's ghost's attack.
You barely miss dadoka's ghost.
Dadoka's ghost is heavily damaged.
Dadoka's ghost hits you but does no damage.
Dadoka's ghost closely misses you.
You slash dadoka's ghost!
Dadoka's ghost is almost destroyed.
Dadoka's ghost casts a spell at you. The orb of energy hits you!
Ouch! That really hurt!
You die...

..... ....... #......
....... #..............
#...... .......
##...##+###..(.
#.....#..##....
#.....##)##....
###########..............
.......W@................
.........................
......................##
......................#
.######+#.............#
#..............#
#.............##
#.............##
#.##........ #


You could see dadoka's ghost.

Vanquished Creatures
  A giant frog (D:3)
  Jessica (D:2)
  3 adders
  2 giant mites
  An orc (D:3)
  12 bats
  A giant cockroach (D:1)
  4 goblins
  6 hobgoblins
  8 jackals
  6 kobolds
  2 quokkas
  2 ball pythons (D:1)
  2 giant geckos
  A giant newt (D:2)
  7 rats
59 creatures vanquished.

Vanquished Creatures (others)
  A fungus (D:3)
1 creature vanquished.

Grand Total: 60 creatures vanquished

Notes
Turn   | Place    | Note
--------------------------------------------------------------
     0 | D:1      | Qrupt, the Hill Orc Gladiator, began the quest for the Orb.
     0 | D:1      | Reached XP level 1. HP: 18/18 MP: 1/1
   124 | D:1      | Reached XP level 2. HP: 25/25 MP: 2/2
   176 | D:1      | Reached skill level 5 in Axes
   350 | D:1      | Reached XP level 3. HP: 30/30 MP: 3/3
   796 | D:2      | Reached skill level 6 in Axes
  1347 | D:2      | Reached XP level 4. HP: 37/37 MP: 4/4
  1348 | D:2      | Noticed Jessica
  1366 | D:2      | Killed Jessica
  1454 | D:2      | Found a snail-covered altar of Cheibriados.
  1769 | D:3      | Noticed Sigmund
  1911 | D:3      | Found a blossoming altar of Fedhas.
  1919 | D:3      | Reached skill level 7 in Axes
  1997 | D:3      | Found a glowing golden altar of the Shining One.
  2035 | D:3      | Noticed a giant frog
  2047 | D:3      | Killed a giant frog
  2047 | D:3      | Reached skill level 8 in Axes
  2047 | D:3      | Reached XP level 5. HP: 36/42 MP: 5/5
  2078 | D:3      | Noticed dadoka's ghost (average OpCj)
  2088 | D:3      | Killed from afar by dadoka's ghost

Action                   |  1- 3 |  4- 6 || total
-------------------------+-------+-------++-------
Melee: War axe           |   105 |    62 ||   167
Evoke: Wand              |       |     8 ||     8
  Use: Scroll            |       |     6 ||     6
  Eat: Chunk             |     1 |     3 ||     4
